 Dungeon Crawl Stone Soup version 0.30.1 (webtiles) character file.

Game seed: 17358204684150691012

178 Fodor the Covered (level 5, 0/46 HPs)
             Began as a Minotaur Fighter on July 10, 2023.
             Slain by a bullfrog (3 damage)
             ... in a sewer.
             The game lasted 00:11:59 (1717 turns).

Fodor the Covered (Minotaur Fighter)                Turns: 1717, Time: 00:11:59

Health: 0/46       AC:  7    Str: 23    XL:     5   Next: 32%
Magic:  4/4        EV: 10    Int:  5    God:
Gold:   5          SH:  4    Dex:  9    Spells: 4/4 levels left

rFire   . . .        h - +3 whip
rCold   . . .        c - +0 buckler
rNeg    . . .        b - +0 scale mail
rPois   +            (helmet restricted)
rElec   .            (no cloak)
rCorr   .            (no gloves)
SInv    .            (no boots)
Will    .....        (no amulet) Stlth
                     g - ring of poison resistance
HPRegen 0.27/turn    (no ring)
MPRegen 0.09/turn

%: no passive effects
@: very slow
A: horns 2, retaliatory headbutt
a: no special abilities


You were in a sewer.
You visited 1 branch of the dungeon, and saw 4 of its levels.
You also visited: Sewer.

You collected 81 gold pieces.
You spent 76 gold pieces at shops.

Inventory:

Hand Weapons
 a - a +0 long sword
 h - a +3 whip (weapon)
Missiles
 l - 3 poisoned darts (quivered)
Armour
 b - a +0 scale mail (worn)
 c - a +0 buckler (worn)
Jewellery
 f - an amulet of guardian spirit
 g - a ring of poison resistance (left hand)
 k - a ring of see invisible
Scrolls
 e - 2 scrolls of enchant armour
 j - 4 scrolls of identify
 m - a scroll of teleportation {unknown}
Potions
 d - a potion of curing
 i - 2 potions of flight
 n - a potion of magic {unknown}
 o - 2 potions of haste {unknown}


   Skills:
 + Level 4.1 Fighting
 + Level 3.0 Long Blades
 + Level 1.8 Maces & Flails
 + Level 5.3 Armour
 + Level 2.1 Dodging
 + Level 4.2 Shields


You had 4 spell levels left.
You didn't know any spells.
Your spell library contained the following spells:

 Spells                   Type           Power      Damage    Failure   Level
 Sting                    Tmut/Pois      0%         1d3       83%         1
 Call Imp                 Summ           0%         N/A       93%         2
 Statue Form              Tmut/Erth      0%         N/A       100%        6


Dungeon Overview and Level Annotations

Branches:
Dungeon (4/15)              Sewer (1/1)
 Temple: D:4-7

Altars:

Shops:
D:1 *(***


Innate Abilities, Weirdness & Mutations

You have a pair of horns on your head.
You reflexively headbutt those who attack you in melee.


Message History

You see here a ball python corpse.
You enter the shallow water.
Moving in this stuff is going to be slow.
The bullfrog hits you but does no damage.
The ball python bites you. The ball python grabs you.
The ball python constricts you.
The bullfrog hits you but does no damage.
The ball python bites you but does no damage.
The ball python constricts you.
You closely miss the bullfrog. You block the adder's attack.
The bullfrog hits you. The ball python closely misses you.
The ball python constricts you.
You closely miss the bullfrog. The bullfrog hits you.
The adder barely misses you. You furiously retaliate!
You headbutt the adder.
You kill the adder!
The adder barely misses you. The bullfrog hits you.
* * * LOW HITPOINT WARNING * * *
The ball python bites you but does no damage.
The ball python constricts you.
Your Dodging skill increases to level 2!
You escape the ball python's grasp.
The bullfrog attacks as you move away! The bullfrog closely misses you.
The adder bites you.
* * * LOW HITPOINT WARNING * * *
The bullfrog hits you but does no damage.
The ball python barely misses you. You furiously retaliate!
You headbutt the ball python.
You kill the ball python!
You block the adder's attack. The bullfrog hits you.
* * * LOW HITPOINT WARNING * * *
The adder barely misses you. The bullfrog closely misses you.
The bullfrog hits you.
* * * LOW HITPOINT WARNING * * *
The bullfrog misses you. The adder closely misses you.
The bullfrog hits you but does no damage.
The ball python barely misses you. You block the ball python's attack.
The bullfrog barely misses you. You furiously retaliate!
You headbutt the bullfrog!
Your unstable footing causes you to fumble your attack.
The bullfrog hits you.
You die...

#....'..# #....#..#
##...####
#....################## #+
#.....#≈≈≈≈≈≈≈≈≈≈≈≈≈~~#...
##.....~≈≈≈≈≈≈≈≈≈~~≈~≈~...
#.....~~~~≈≈~≈≈≈~~~~≈~...
#....~≈~≈~SF≈~≈≈~~≈~~....
##...~~≈~~@FS††~≈~~≈~....
###..~~≈≈≈S≈≈≈~≈≈≈~≈....
######################


You could see 2 bullfrogs, an adder and 2 ball pythons.

Vanquished Creatures
  4 adders (Sewer)
  8 river rats
  2 dart slugs
  A bat (D:3)
  3 endoplasms
  3 goblins (D:1)
  4 hobgoblins
  6 kobolds (D:1)
  A quokka (D:3)
  17 ball pythons
  5 frilled lizards
  27 rats
81 creatures vanquished.

Notes
Turn   | Place    | Note
-------+----------+-------------------------------------------
     0 | D:1      | Fodor the Minotaur Fighter began the quest for the Orb.
     0 | D:1      | Reached XP level 1. HP: 19/19 MP: 0/0
   103 | D:1      | Found Cuis's General Store.
   133 | D:1      | Found Epleidal's Assorted Antiques.
   139 | D:1      | Reached skill level 4 in Armour
   145 | D:1      | Reached XP level 2. HP: 24/27 MP: 1/1
   260 | D:1      | Found Piekh's Antique Weapon Shop.
   312 | D:1      | Bought a scroll of identify for 26 gold pieces
   353 | D:1      | Found Tehugydd's Assorted Antiques.
   772 | D:1      | Found Lext's General Store.
   775 | D:1      | Bought a scroll of identify for 20 gold pieces
   775 | D:1      | Bought a potion of flight for 30 gold pieces
   919 | D:2      | Got Roicires's Elucidation of Amorphous Formation
   931 | D:2      | Identified the +0 leather armour "Edamygra" {Regen+ SInv}
  1017 | D:2      | You fall into a shaft and drop 2 floors!
  1048 | D:3      | Reached XP level 3. HP: 33/33 MP: 2/2
  1160 | D:3      | Found a glowing drain.
  1172 | D:3      | Reached skill level 1 in Dodging
  1218 | Sewer    | Entered a sewer
  1263 | Sewer    | Reached XP level 4. HP: 7/40 MP: 3/3
  1422 | Sewer    | Reached skill level 1 in Maces & Flails
  1427 | Sewer    | Reached skill level 5 in Armour
  1553 | Sewer    | Reached XP level 5. HP: 29/46 MP: 4/4
  1717 | Sewer    | Slain by a bullfrog

Illustrated notes

Levels and vault maps discovered:
D:1:      scummos_arrival_forest, layout_basic, serial_shops,
          nicolae_shop_behind_doors, shop, nicolae_shop_getting_attention, shop,
          nicolae_shop_trees, minivault_14
D:2:      layout_loops_corners, hellmonk_ecumenical_altar_prayer_group,
          minivault_27, uniq_crazy_yiuf_cottage
D:3:      layout_basic, portal_sewer_entry_a, biasface_ghost_orc_armoury,
          corexii_shack, bh_walls_and_bars
D:4:      layout_cave_pods
Sewer:    sewer_minmay_w

Skill      XL: |  1  2  3  4  5 |
---------------+----------------+-----
Armour         | 4 5 |  5.3
Fighting       | 4 |  4.1
Dodging        | 1 2 |  2.1
Long Blades    | 3 |  3.0
Maces & Flails | 1 |  1.8
Shields        | 4 |  4.2

Action                     |  1- 3 |  4- 6 || total
---------------------------+-------+-------++-------
  Melee: Long sword        |    35 |       ||    35
         Headbutt          |    14 |     6 ||    20
         Whip              |    63 |    93 ||   156
    Use: Scroll            |     1 |       ||     1
         Potion            |     1 |     5 ||     6
 Armour: Scale mail        |    54 |   115 ||   169
  Dodge: Dodged            |    62 |   136 ||   198
  Block: Buckler           |    28 |    46 ||    74
